 Dungeon Crawl Stone Soup version 0.18.1-8-gdd0e5ea (webtiles) character file.

237 namelastname112 the Vexing (level 5, 0/41 HPs)
             Began as a Draconian Enchanter on May 21, 2016.
             Was an Initiate of Ru.
             Slain by a wyvern zombie (6 damage)
             ... in an ossuary.
             The game lasted 00:05:06 (2966 turns).

namelastname112 the Vexing (Draconian Enchanter)    Turns: 2966, Time: 00:05:07

Health: 0/41       AC:  5    Str: 11    XL:     5   Next: 77%
Magic:  2/8        EV: 12    Int: 15    God:    Ru [......]
Gold:   111        SH:  0    Dex: 12    Spells: 4 memorised, 0 levels left

rFire  + . .     SeeInvis .     a - +1 dagger
rCold  . . .     Gourm    .     (armour unavailable)
rNeg   . . .     Faith    .     (no shield)
rPois  .         Spirit   .     (helmet restricted)
rElec  .         Dismiss  .     (no cloak)
rCorr  .         Reflect  .     (no gloves)
SustAt .         Harm     .     (no boots)
MR     .....                    l - amulet of regeneration
Stlth  ++........               (no ring)
                                j - ring of protection from fire

@: slowed, very slow, not resistant to hostile enchantments, unstealthy
A: unfitting armour, cold-blooded, AC +5
a: Renounce Religion


You were in an ossuary.
You worshipped Ru.
Ru was noncommittal.
You were near starving.

You visited 1 branch of the dungeon, and saw 4 of its levels.
You also visited: Ossuary.

You collected 111 gold pieces.

Inventory:

Hand Weapons
 a - a +1 dagger (weapon)
Jewellery
 j - a ring of protection from fire (left hand)
 l - an amulet of regeneration (around neck)
Scrolls
 e - 2 scrolls of recharging {unknown}
 f - a scroll of amnesia {unknown}
 h - 7 scrolls of identify {unknown}
 k - 2 scrolls of teleportation {unknown}
 m - 4 scrolls of enchant armour {unknown}
 n - a scroll of enchant weapon {unknown}
 p - a scroll of blinking {unknown}
 q - a scroll of remove curse {unknown}
 u - a scroll of random uselessness {unknown}
 v - a scroll of noise {unknown}
Potions
 d - a potion of curing
 g - 3 potions of lignification
 i - a potion of invisibility {unknown}
 o - a potion of cancellation {unknown}
 r - a potion of cure mutation {unknown}
 t - a potion of brilliance {unknown}
Books
 b - a book of Maledictions

   Spells                             Type                      Level
   a - Corona                         Hexes                        1
   b - Ensorcelled Hibernation        Hexes/Ice                    2
   c - Confuse                        Hexes                        3
   d - Tukima's Dance                 Hexes                        3
   e - Dazzling Spray                 Conjuration/Hexes            3
Comestibles
 c - a bread ration


   Skills:
 + Level 1.8 Fighting
 + Level 2.1 Short Blades
 + Level 2.5 Dodging
 + Level 3.5 Stealth
 + Level 2.6 Spellcasting
 * Level 4.1 Hexes


You couldn't memorise any spells.
You knew the following spells:

 Your Spells              Type           Power        Failure   Level  Hunger
a - Tukima's Dance        Hex            ##......     14%         3    ###....
b - Corona                Hex            ##.....      4%          1    #......
x - Confuse               Hex            ##......     14%         3    ###....
z - Ensorcelled Hibernat  Hex/Ice        #.....       14%         2    ###....


Dungeon Overview and Level Annotations

Branches:
Dungeon (4/15)
 Temple: D:4-7

Altars:
Gozag
Ru
Zin


Innate Abilities, Weirdness & Mutations

Your plain brown scales are hard (AC +5).
Your body does not fit into most forms of armour.
You are cold-blooded and may be slowed by cold attacks.


Message History

You hit the wyvern zombie but do no damage.
You are near starving!
The wyvern zombie bites you but does no damage.
You hit the wyvern zombie.
The wyvern zombie bites you but does no damage. x2
You hit the wyvern zombie but do no damage.
The wyvern zombie bites you but does no damage. x2
You hit the wyvern zombie but do no damage.
The wyvern zombie bites you.
* * * LOW HITPOINT WARNING * * *
You take 3 damage, and have 12/61 hp.
You hit the wyvern zombie but do no damage.
The wyvern zombie bites you.
* * * LOW HITPOINT WARNING * * *
The wyvern zombie bites you but does no damage.
You take 3 damage, and have 9/61 hp.
You hit the wyvern zombie.
You feel less woody. The wyvern zombie bites you.
You die...

##### #..∩#
#.∩.# #..@#
##Z##
#P≈.≈.≈.≈.....
#≈#≈≈#.≈.Z.#+#+
≈≈≈≈ ≈P#.#.#
≈#≈ ##≈ #### #
≈# #


You could see a wyvern zombie.

Vanquished Creatures
  A bog body (Ossuary)
  Jessica (D:3)
  Terence (D:2)
  Ijyb (D:2)
  5 adders
  An ooze (D:2)
  An adder skeleton (D:4)
  2 worms
  2 dart slugs (D:2)
  4 giant geckos
  2 giant cockroaches
  8 goblins
  7 hobgoblins
  6 jackals
  6 kobolds
  3 quokkas
  7 bats
  A giant newt (D:3)
  6 rats
65 creatures vanquished.

Vanquished Creatures (others)
  A withered plant (Ossuary)
1 creature vanquished.

Grand Total: 66 creatures vanquished

Notes
Turn   | Place    | Note
--------------------------------------------------------------
     0 | D:1      | namelastname112 the Draconian Enchanter began the quest for the Orb.
     0 | D:1      | Reached XP level 1. HP: 14/14 MP: 3/3
   182 | D:1      | Reached XP level 2. HP: 20/20 MP: 5/5
   958 | D:2      | Learned a level 2 spell: Ensorcelled Hibernation
   992 | D:2      | Reached skill level 3 in Hexes
  1151 | D:2      | Reached XP level 3. HP: 27/27 MP: 6/6
  1162 | D:2      | Learned a level 3 spell: Confuse
  1318 | D:2      | Found a sacrificial altar of Ru.
  1359 | D:2      | Became a worshipper of Ru the Awakened
  1669 | D:2      | Noticed Terence
  1711 | D:2      | Noticed Ijyb
  1787 | D:2      | Killed Terence
  1787 | D:2      | Reached skill level 1 in Fighting
  1787 | D:2      | Reached XP level 4. HP: 29/35 MP: 0/7
  1936 | D:2      | Found a glowing silver altar of Zin.
  2034 | D:2      | Killed Ijyb
  2229 | D:3      | Noticed Jessica
  2242 | D:3      | Killed Jessica
  2242 | D:3      | Reached XP level 5. HP: 23/40 MP: 2/8
  2411 | D:3      | Found an opulent altar of Gozag.
  2864 | D:3      | Learned a level 3 spell: Tukima's Dance
  2868 | D:4      | Reached skill level 4 in Hexes
  2913 | D:4      | Found a sand-covered staircase.
  2920 | Ossuary  | Entered an ossuary
  2966 | Ossuary  | Slain by a wyvern zombie

Skill      XL: |  1  2  3  4  5 |
---------------+----------------+-----
Dodging        | 2 |  2.5
Stealth        | 3 |  3.5
Hexes          | 3 4 |  4.1
Fighting       | 1 |  1.8
Short Blades   | 2 |  2.1
Spellcasting   | |  2.6

Action                   |  1- 3 |  4- 6 || total
-------------------------+-------+-------++-------
Melee: Dagger            |   187 |   154 ||   341
       Tailslap          |    14 |    10 ||    24
 Cast: Ensorcelled Hiber |     7 |    20 ||    27
       Confuse           |     4 |     4 ||     8
  Use: Potion            |       |     2 ||     2
 Stab: Sleeping          |     8 |    13 ||    21
       Confused          |     5 |       ||     5
       Distracted        |       |     2 ||     2
  Eat: Chunk             |     5 |     6 ||    11
Armor: Skin              |    58 |    83 ||   141
Dodge: Dodged            |   132 |   123 ||   255
